 Dungeon Crawl Stone Soup version 0.31-a0-202-g547052bce9 (webtiles) character file.

Game seed: 16846562399320692043

59 qw the Shooter (level 3, -2/20 HPs)
             Began as a Deep Elf Hunter on June 26, 2023.
             Slain by Sigmund
             ... wielding a +0 scythe
              (9 damage)
             ... on level 2 of the Dungeon.
             The game lasted 00:00:34 (1487 turns).

qw the Shooter (Deep Elf Hunter)                    Turns: 1487, Time: 00:00:34

Health: -2/20      AC:  4    Str: 10    XL:     3   Next: 78%
Magic:  5/5        EV: 12    Int: 13    God:
Gold:   66         SH:  0    Dex: 18    Spells: 2/2 levels left

rFire   . . .        Y - +0 shortbow
rCold   . . .        (shield currently unavailable)
rNeg    . . .        c - +0 leather armour
rPois   .            (no helmet)
rElec   .            (no cloak)
rCorr   .            d - +0 pair of gloves
SInv    .            (no boots)
Will    .....        (no amulet)
Stlth   +            (no ring)
HPRegen 0.23/turn    (no ring)
MPRegen 0.09/turn

%: no passive effects
@: confused
A: no striking features
a: no special abilities


You were on level 2 of the Dungeon.
You visited 1 branch of the dungeon, and saw 2 of its levels.

You collected 66 gold pieces.


   Skills:
 - Level 1.5 Fighting
 + Level 7.3 Ranged Weapons
 - Level 2.4 Dodging
 - Level 1.2 Stealth


You had 2 spell levels left.
You didn't know any spells.
Your spell library was empty.

Inventory:

Hand Weapons
 Y - a +0 shortbow (weapon)
Armour
 c - a +0 leather armour (worn)
 d - a +0 pair of gloves (worn)
Jewellery
 a - an amulet of magic regeneration
Scrolls
 b - a scroll of revelation {unknown}
 e - a scroll of enchant weapon {unknown}
Potions
 h - a potion of degeneration {unknown}

Dungeon Overview and Level Annotations

Branches:
Dungeon (2/15)

Altars:
Elyvilon

Annotations:
D:2 Sigmund


Message History

The arrow hits Sigmund but does no damage.
Sigmund points at you and mumbles some strange words.
The magic dart hits you.
1465 ||| FLEEEEING.
1466 ||| STILL FLEEEEING.
1467 ||| STILL FLEEEEING.
1468 ||| STILL FLEEEEING.
Enter note:
Enter note:
Enter note:
Enter note:
Enter note:
Enter note:
Enter note:
Enter note:
Enter note:
1469 ||| STILL FLEEEEING.
1470 ||| STILL FLEEEEING.
1471 ||| STILL FLEEEEING.
There is an open door here.
1472 ||| STILL FLEEEEING.
1473 ||| STILL FLEEEEING.
There is an open door here.
1474 ||| STILL FLEEEEING.
You start resting.
Sigmund is nearby!
You shoot an arrow. The arrow hits Sigmund.
Sigmund is lightly wounded.
Sigmund hits you from afar with a +0 scythe.
You shoot an arrow. The arrow hits Sigmund.
Sigmund is moderately wounded.
Sigmund casts a spell at you.
You are confused.
Sigmund hits you from afar with a +0 scythe!
Ouch! That really hurt!
Sigmund barely misses you. Sigmund misses you.
The frilled lizard bites you but does no damage.
Sigmund hits you from afar with a +0 scythe!
You die...

.....##.##.# .....
###......#.# ...
#.###..#.# #)# #.#
#..#.##### #.# #.#
#..#.#...# #.# #.#
#..#.#...#####.# # #.#
#..#.'...'.....# ###.#
#.<###..@####### ....#
#..#.+...l@.#
###.###..#.#...##.######
.........#.#...##......#
#######.##.#...#######.#
# #....#...# #)# #
#.##.#...#######.# #
#..#...........#.# #.#
########...#########.#.#
#.#
..........)..........#.#
#.#


You could see Sigmund and a frilled lizard.

Vanquished Creatures
  An adder (D:2)
  A worm (D:2)
  A dart slug (D:2)
  4 ball pythons
  An endoplasm (D:1)
  2 giant cockroaches
  8 goblins
  4 hobgoblins
  2 bats (D:1)
  5 frilled lizards (D:1)
  10 kobolds
  7 rats
46 creatures vanquished.

Notes
Turn   | Place    | Note
-------+----------+-------------------------------------------
     0 | D:1      | qw the Deep Elf Hunter began the quest for the Orb.
     0 | D:1      | Reached XP level 1. HP: 12/12 MP: 3/3
     0 | D:1      | 0 ||| qw: Version: 0.3-a-22-g0ed2b0b
     0 | D:1      | 0 ||| qw: Game counter: 6014
     0 | D:1      | 0 ||| qw: Melee chars always use a shield: true
     0 | D:1      | 0 ||| qw: God list: Okawaru
     0 | D:1      | 0 ||| qw: Allow faded altars: false
     0 | D:1      | 0 ||| qw: Do Orc after clearing Dungeon:15 true
     0 | D:1      | 0 ||| qw: Do second Lair branch before Depths: true
     0 | D:1      | 0 ||| qw: Lair rune preference: random
     0 | D:1      | 0 ||| qw: Goals: Normal
     0 | D:1      | 0 ||| PLANNING D:1-11
    21 | D:1      | Found a faded altar of an unknown god.
   232 | D:1      | Reached XP level 2. HP: 16/16 MP: 4/4
   235 | D:1      | Reached skill level 6 in Ranged Weapons
   725 | D:1      | Reached XP level 3. HP: 20/20 MP: 5/5
   861 | D:1      | 861 ||| UPGRADING to +0 pair of gloves.
   866 | D:1      | 866 ||| READING scroll labelled ZANOEKHL DUGER.
   867 | D:1      | 867 ||| READING scroll labelled XUAV JEUTEFEMP.
   868 | D:1      | 868 ||| READING scroll labelled AHESAITUDGH.
   869 | D:1      | 869 ||| READING scroll labelled YCOLUE LUALOAWK.
   870 | D:1      | 870 ||| READING scroll labelled IHOOFUE CIEG.
   871 | D:1      | 871 ||| DROPPING scroll of butterflies.
   986 | D:2      | Found a white marble altar of Elyvilon.
  1115 | D:2      | 1115 ||| FLEEEEING.
  1175 | D:2      | Reached skill level 7 in Ranged Weapons
  1463 | D:2      | Noticed Sigmund
  1465 | D:2      | 1465 ||| FLEEEEING.
  1487 | D:2      | Slain by Sigmund

Levels and vault maps discovered:
D:1:      minmay_arrival_shattered_statue, layout_loops_corners,
          basic_ecumenical_altar, minmay_tromino_v7
D:2:      layout_basic, basic_altar, uniq_sigmund

Skill      XL: |  1  2  3 |
---------------+----------+-----
Ranged Weapons | 6 7 |  7.3
Fighting       | |  1.5
Dodging        | |  2.4
Stealth        | |  1.2

Action                     || total
---------------------------++-------
   Fire: Shortbow          ||   101
    Use: Scroll            ||     5
 Armour: Leather armour    ||     8
  Dodge: Dodged            ||    19

Table legend:
 A = Non-vault XP
 B = Vault XP
 C = Vault XP percentage of total XP
 D = Non-vault monster count
 E = Vault monster count
 F = Vault count percentage of total count
                 A         B        C        D         E       F
            +---------+---------+-------+---------+---------+-------
      Total |      78 |       7 |   8.2 |      42 |       4 |   8.7
            +---------+---------+-------+---------+---------+-------
        D:1 |      37 |       7 |  15.9 |      27 |       4 |  12.9
        D:2 |      41 |       0 |   0.0 |      15 |       0 |   0.0
            +---------+---------+-------+---------+---------+-------
